 Dungeon Crawl Stone Soup version 0.31-a0-868-g674d60d6f7 (webtiles) character file.

Game seed: 3986119380170832600

109 tatocazan the Shooter (level 5, -2/40 (41) HPs)
             Began as a Formicid Hunter on Oct 11, 2023.
             Succumbed to a goblin's poison
             ... on level 3 of the Dungeon.
             The game lasted 00:03:23 (2762 turns).

tatocazan the Shooter (Formicid Hunter)             Turns: 2762, Time: 00:03:24

HP:   -2/40 (41)    AC:  1    Str: 18    XL:     5   Next: 13%
MP:   5/5           EV: 12    Int:  8    God:
Gold: 160           SH:  0    Dex: 17    Spells: 4/4 levels left

rFire   . . .        a - +0 shortbow
rCold   . . .        (no shield)
rNeg    . . .        c - +0 leather armour
rPois   .            (helmet unavailable)
rElec   .            (no cloak)
rCorr   .            (no gloves)
SInv    +            (no boots)
Will    .....        (no amulet)
Stlth   ++           (no ring)
HPRegen 0.26/turn    (no ring)
MPRegen 0.09/turn

%: no passive effects
@: lethally poisoned (-2 -> -26), lightly drained
A: permanent stasis, dig shafts and tunnels, antennae 3, four strong arms,
deformed body, evolution 1
a: Dig, Shaft Self


You were on level 3 of the Dungeon.
You visited 1 branch of the dungeon, and saw 3 of its levels.

You collected 160 gold pieces.

Inventory:

Hand Weapons
 a - a +0 shortbow (weapon)
Armour
 c - a +0 leather armour (worn)
Talismans
 i - a maw talisman
Wands
 n - a wand of polymorph (6)
Scrolls
 b - a scroll of butterflies
 d - 2 scrolls of teleportation {unknown}
 e - 3 scrolls of identify {unknown}
 f - a scroll of fog {unknown}
 j - 2 scrolls of torment {unknown}
 m - a scroll of blinking {unknown}
 o - a scroll of revelation {unknown}
 p - a scroll of immolation {unknown}
Potions
 g - a potion of lignification
 k - a potion of degeneration {unknown}
 l - a potion of curing {unknown}


   Skills:
 * Level 3.5 Fighting
 + Level 4.4 Ranged Weapons
 + Level 0.5 Armour
 + Level 2.5 Dodging
 + Level 2.8 Stealth


You had 4 spell levels left.
You didn't know any spells.
Your spell library contained the following spells:

 Spells                   Type           Power      Damage    Failure   Level
 Magic Dart               Conj           0%         1d3       45%         1
 Searing Ray              Conj           0%         2d4       61%         2
 Frozen Ramparts          Ice            0%         1d1       83%         3
 Fulminant Prism          Conj/Hex       0%         3d5       99%         4
 Petrify                  Tmut/Erth      0%         N/A       99%         4
 Metabolic Englaciation   Hex/Ice        0%         N/A       100%        5


Dungeon Overview and Level Annotations

Branches:
Dungeon (3/15)

Altars:

Annotations:
D:3 Ijyb


Innate Abilities, Weirdness & Mutations

You cannot be hasted, slowed, berserked, paralysed or teleported.
You can dig through walls and to a lower floor.
You have a pair of large antennae on your head. (SInv)
Your four strong arms can wield two-handed weapons with a shield.
Armour fits poorly on your strangely shaped body.
You have hidden genetic potential.


Message History

You are poisoned.
You take 1 damage, and have 33/39 hp.
You shoot an arrow. The arrow barely misses the goblin.
The arrow closely misses the goblin.
You feel very sick.
The goblin hits you with a +2 dagger of venom.
You are more poisoned.
You take 4 damage, and have 29/39 hp.
You shoot an arrow. The arrow closely misses the goblin.
You feel very sick. The goblin hits you but does no damage.
The goblin barely misses you.
You take 4 damage, and have 25/39 hp.
You shoot an arrow. The arrow hits the goblin!
You kill the goblin!
You feel very sick. The goblin hits you but does no damage.
You are more poisoned.
You take 3 damage, and have 22/40 hp.
You are too injured to fight recklessly!
You are too injured to fight recklessly!
You are too injured to fight recklessly!
You retract your mandibles.
You feel very sick. The goblin attacks as it pursues you!
The goblin hits you with a +2 dagger of venom.
You are more poisoned.
You take 7 damage, and have 15/40 hp.
* * * LOW HITPOINT WARNING * * *
You feel very sick. The goblin hits you but does no damage.
You are more poisoned.
You take 5 damage, and have 10/40 hp.
* * * LOW HITPOINT WARNING * * *
You feel extremely sick. The goblin attacks as it pursues you!
The goblin barely misses you.
You take 7 damage, and have 3/40 hp.
It was a potion of mutation.
You feel extremely strange.
You feel a hidden potential growing inside you.
Your body twists and deforms.
You die...

#.......# ###.....# #.....
#.......# #.'.....####...g.
#.......# #)#.....'..#.....
##.......##)#.....##'#.....
#.......##.#)....#..{{###
#.......##)g.....#....{g#
#.......##.###'###...##g.#
#.......##g#...# #...# gg
#........@....## #...# )
............# #...#
............# #...# {,
#####.......# #####
...........# { {
####.......# #.......#
######+##


You could see Ijyb and a goblin.

Vanquished Creatures
  4 adders (D:2)
  2 worms (D:2)
  A dart slug (D:2)
  7 endoplasms
  A giant cockroach (D:3)
  11 goblins
  8 hobgoblins
  2 jackals (D:3)
  2 quokkas (D:1)
  9 ball pythons
  5 bats
  3 frilled lizards
  2 kobolds
  3 rats
60 creatures vanquished.

Notes
Turn   | Place    | Note
-------+----------+-------------------------------------------
     0 | D:1      | tatocazan the Formicid Hunter began the quest for the Orb.
     0 | D:1      | Reached XP level 1. HP: 16/16 MP: 1/1
    53 | D:1      | Reached XP level 2. HP: 23/23 MP: 2/2
   487 | D:1      | Reached XP level 3. HP: 28/28 MP: 3/3
   884 | D:2      | Identified the staff "Pivoc" {rN+ Int+6 Necro}
  1243 | D:2      | Reached XP level 4. HP: 34/34 MP: 4/4
  2448 | D:2      | Found a faded altar of an unknown god.
  2722 | D:3      | Reached XP level 5. HP: 41/41 MP: 5/5
  2728 | D:3      | Noticed Ijyb
  2762 | D:3      | Gained mutation: You have hidden genetic potential. [potion
                  | of mutation]
  2762 | D:3      | Gained mutation: Armour fits poorly on your strangely
                  | shaped body. [potion of mutation]
  2762 | D:3      | Succumbed to a goblin's poison

Illustrated notes

Levels and vault maps discovered:
D:1:      psy_arrival_basics, layout_basic, hangedman_decor_peaks_small,
          minmay_3d_cube
D:2:      wad_lake_hut, layout_loops_ring, serial_bayou, serial_bayou_shore_b,
          serial_bayou_crossing, serial_bayou_pond_a, serial_bayou_shore_b,
          hellmonk_ecumenical_altar_lost_god, minmay_tetromino_l4
D:3:      layout_basic, hex_large, minivault_19, uniq_robin, uniq_ijyb

Skill      XL: |  1  2  3  4 |
---------------+-------------+-----
Dodging        | 2 |  2.5
Stealth        | 2 |  2.8
Fighting       | 3 |  3.5
Ranged Weapons | |  4.4
Armour         | |  0.5

Action                     |  1- 3 |  4- 6 || total
---------------------------+-------+-------++-------
   Fire: Shortbow          |   102 |   101 ||   203
Ability: Dig               |       |     1 ||     1
    Use: Potion            |       |     2 ||     2
 Armour: Leather armour    |    30 |    52 ||    82
         Skin              |       |     5 ||     5
  Dodge: Dodged            |    41 |    58 ||    99

Table legend: (Time is in decaauts)
 A = Elapsed time spent in this place.
 B = Non-inter-level travel time spent in this place.
 C = Inter-level travel time spent in this place.
 D = Time resting spent in this place.
 E = Time spent auto-exploring this place.
 F = Levels seen in this place.
 G = Mean time per level.
                   A        B        C        D        E       F      G
               +--------+--------+--------+--------+--------+-----+--------+
         Total |   2859 |   2836 |     23 |   1045 |   1357 |   3 |  953.0 |
       Dungeon |   2859 |   2836 |     23 |   1045 |   1357 |   3 |  953.0 |
               +--------+--------+--------+--------+--------+-----+--------+

Top non-repeatable levels by time:
     D:2: 1810 daAuts
     D:1: 881 daAuts
     D:3: 167 daAuts
